 Dungeon Crawl Stone Soup version 0.28-a0-1167-g616b1c6417 (webtiles) character file.

Game seed: 11541774841204968551

56 LadyOphelia the Chopper (level 3, 0/33 HPs)
             Began as a Minotaur Berserker on Dec 16, 2021.
             Was a Follower of Trog.
             Slain by a hobgoblin (3 damage)
             ... on level 2 of the Dungeon.
             The game lasted 00:02:00 (1267 turns).

LadyOphelia the Chopper (Minotaur Berserker)        Turns: 1267, Time: 00:02:01

Health: 0/33       AC:  2    Str: 23    XL:     3   Next: 71%
Magic:  2/2        EV: 12    Int:  4    God:    Trog [*.....]
Gold:   55         SH:  0    Dex:  9    Spells: 2/2 levels left

rFire   . . .      SeeInvis .   a - +0 hand axe
rCold   . . .      Faith    .   (no shield)
rNeg    . . .      Spirit   .   b - +0 animal skin
rPois   .          Reflect  .   (helmet restricted)
rElec   .          Harm     .   (no cloak)
rCorr   .          Rampage  .   (no gloves)
Will    .....                   (no boots)
Stlth   +.........              (no amulet)
HPRegen 0.11/turn               (no ring)
MPRegen 0.08/turn               (no ring)

@: on berserk cooldown, slowed, very slow
A: horns 2, retaliatory headbutt
a: Renounce Religion, Berserk


You were on level 2 of the Dungeon.
You worshipped Trog.
Trog was aware of your devotion.
You visited 1 branch of the dungeon, and saw 2 of its levels.

You collected 55 gold pieces.

Inventory:

Hand Weapons
 a - a +0 hand axe (weapon)
Armour
 b - a +0 animal skin (worn)
Scrolls
 c - a scroll of vulnerability {unknown}
 f - a scroll of silence {unknown}
 g - 2 scrolls of immolation {unknown}
 h - a scroll of magic mapping {unknown}
 i - a scroll of identify {unknown}
Potions
 d - a potion of might {unknown}
 e - 2 potions of curing {unknown}


   Skills:
 + Level 4.3 Fighting
 * Level 4.6 Axes
 + Level 2.9 Armour
 + Level 2.6 Dodging


You had 2 spell levels left.
You didn't know any spells.
Your spell library was empty.

Dungeon Overview and Level Annotations

Branches:
Dungeon (2/15)

Altars:


Innate Abilities, Weirdness & Mutations

You have a pair of horns on your head.
You reflexively headbutt those who attack you in melee.


Message History

You kill the bat!
Trog accepts your kill.
You hit Terence but do no damage. Your headbutt misses Terence.
Terence hits you with a +0 short sword! Terence hits you with a +0 short sword.
You hit Terence but do no damage. Your headbutt misses Terence.
Terence closely misses you.
You hit Terence. You headbutt Terence!
Terence is heavily wounded.
Terence hits you with a +0 short sword!
You hit Terence.
Terence is severely wounded.
Terence hits you with a +0 short sword!
* * * LOW HITPOINT WARNING * * *
You closely miss Terence.
Terence is severely wounded.
Terence hits you with a +0 short sword.
* * * LOW HITPOINT WARNING * * *
A red film seems to cover your vision as you go berserk!
You feel yourself moving faster!
You feel mighty! Terence hits you with a +0 short sword.
* * * LOW HITPOINT WARNING * * *
You slash Terence!
You kill Terence!
Trog accepts your kill.
Things that are here:
a +0 short sword; a +0 scale mail; the human corpse of Terence You feel a strong urge to attack something.
You start resting.
You feel your anger nearly subside.
You are no longer berserk.
You are exhausted.
You feel yourself slow down.
You start resting.
A hobgoblin comes into view.
The hobgoblin moves out of view.
You start resting.
A hobgoblin is nearby!
A hobgoblin is nearby!
The hobgoblin shouts!
The hobgoblin hits you.
You die...

.. ###. #.##..# .
..#..#..#..# #.
#.#..##.#..#
#.##.#........#
............##
#..#####.###
.#.#####.†#####.#
#...............#####
....#@.)###.......# .
#g..# #<#####.#
#.........# #.#
#.###.#.### #.# #.#.#
#.# . ..# #.. #...##
### #... #...


You could see a hobgoblin.

Vanquished Creatures
  Terence (D:2)
  A dart slug (D:1)
  3 ball pythons
  5 endoplasms
  2 giant cockroaches (D:1)
  A kobold (D:1)
  2 quokkas
  4 bats
  A frilled lizard (D:2)
  3 goblins (D:1)
  3 rats (D:1)
26 creatures vanquished.

Notes
Turn   | Place    | Note
-------+----------+-------------------------------------------
     0 | D:1      | LadyOphelia the Minotaur Berserker began the quest for the
                  | Orb.
     0 | D:1      | Reached XP level 1. HP: 19/19 MP: 0/0
   389 | D:1      | Reached XP level 2. HP: 27/27 MP: 1/1
  1158 | D:2      | Reached XP level 3. HP: 24/33 MP: 2/2
  1237 | D:2      | Noticed Terence
  1247 | D:2      | HP: 1/49 [Terence (4)]
  1248 | D:2      | Killed Terence
  1267 | D:2      | Slain by a hobgoblin

Illustrated notes

Levels and vault maps discovered:
D:1:      evilmike_arrival_hilbert_curve, layout_loops_ring,
          minmay_misc_feat_secret_circle
D:2:      layout_loops_cross, chequers_ecumenical_altar_lobes, uniq_terence,
          uniq_natasha

Skill      XL: |  1 |
---------------+----+-----
Fighting       | 4 |  4.3
Axes           | 4 |  4.6
Armour         | |  2.9
Dodging        | |  2.6

Action                   || total
-------------------------++-------
Melee: Hand axe          ||    46
       Headbutt          ||     8
Invok: Berserk           ||     1
Armor: Animal skin       ||    10
Dodge: Dodged            ||    28

Table legend: (Time is in decaauts)
 A = Elapsed time spent in this place.
 B = Non-inter-level travel time spent in this place.
 C = Inter-level travel time spent in this place.
 D = Time resting spent in this place.
 E = Time spent auto-exploring this place.
 F = Levels seen in this place.
 G = Mean time per level.
                   A        B        C        D        E       F      G
               +--------+--------+--------+--------+--------+-----+--------+
         Total |   1276 |   1224 |     52 |     20 |   1005 |   2 |  638.0 |
       Dungeon |   1276 |   1224 |     52 |     20 |   1005 |   2 |  638.0 |
               +--------+--------+--------+--------+--------+-----+--------+

Top non-repeatable levels by time:
     D:1: 1100 daAuts
     D:2: 176 daAuts
